 Dungeon Crawl Stone Soup version 0.30.1-4-g462c640d31 (webtiles) character file.

Game seed: 14636732619469207394

41 lonewolfV2 the Scratcher (level 3, -4/15 HPs)
             Began as a Felid Transmuter on Aug 25, 2023.
             Slain by a phantom (5 damage)
             ... on level 4 of the Dungeon.
             The game lasted 00:08:26 (2959 turns).

lonewolfV2 the Scratcher (Felid Transmuter)         Turns: 2959, Time: 00:08:27

Health: -4/15      AC:  1    Str:  6    XL:     3   Next: 32%
Magic:  3/8        EV: 18    Int: 16    God:
Gold:   164        SH:  0    Dex: 16    Spells: 3/7 levels left
                                        Lives:  0   Deaths: 1

rFire   x .          .
                       - Unarmed
rCold   + . .        (shield unavailable)
rNeg    . . .        (body armour unavailable)
rPois   +            (helmet unavailable)
rElec   .            (cloak unavailable)
rCorr   .            (gloves unavailable)
SInv    +            (boots unavailable)
Will    .....        (no amulet)
Stlth   ++           b - ring of poison resistance
HPRegen 0.22/turn    n - ring of ice
MPRegen 0.11/turn

%: no passive effects
@: appendages, quick
A: horns 2, very small, claws 1, fangs 3, see invisible, speed 1, shaggy fur 1,
stealthy paws, no weapons or thrown items, no armour, multi-lived
a: End Transformation


You were on level 4 of the Dungeon.
You had temporarily grown beastly horns.
You visited 1 branch of the dungeon, and saw 4 of its levels.

You collected 164 gold pieces.

Inventory:

Jewellery
 b - a ring of poison resistance (left paw)
 i - a ring of flight
 n - a ring of ice (right paw)
Scrolls
 e - 4 scrolls of teleportation
 f - a scroll of acquirement {unknown}
 g - a scroll of immolation
 j - 2 scrolls of identify
 k - a scroll of butterflies
 l - a scroll of magic mapping
 o - a scroll of vulnerability {unknown}
 p - a scroll of poison {unknown}
Potions
 a - a potion of lignification
 c - a potion of attraction {unknown}
 d - a potion of mutation
 h - a potion of heal wounds
 m - a potion of curing {unknown}


   Skills:
 + Level 1.0 Fighting
 + Level 3.3 Dodging
 + Level 1.0 Stealth
 + Level 4.0 Unarmed Combat
 + Level 2.7 Spellcasting
 + Level 2.7 Transmutations


You had 3 spell levels left.
You knew the following spells:

 Your Spells              Type           Power      Damage    Failure   Level
a - Beastly Appendage     Tmut           22%        N/A       6%          1
b - Spider Form           Tmut/Pois      6%         N/A       32%         3

Your spell library contained the following spells:

 Spells                   Type           Power      Damage    Failure   Level
 Wereblood                Tmut           11%        N/A       10%         2
 Static Discharge         Conj/Air       4%         2-3/arc   28%         2
 Vhi's Electric Charge    Tloc/Air       4%         N/A       50%         3
 Ice Form                 Ice/Tmut       9%         N/A       73%         4
 Airstrike                Air            1%         2d(1-17)  88%         4
 Summon Lightning Spire   Summ/Air       2%         N/A       88%         4
 Arcjolt                  Conj/Air       1%         1d11      99%         5
 Maxwell's Capacitive Co  Air            1%         ∞         100%        8


Dungeon Overview and Level Annotations

Branches:
Dungeon (4/15)
 Temple: D:4-7

Altars:
The Shining One

Shops:
D:3 (


Innate Abilities, Weirdness & Mutations

You have temporarily grown beastly horns.
You have sharp claws.
You have razor-sharp teeth.
You have supernaturally acute eyesight. (SInv)
You cover ground quickly. (Speed+)
You are covered in fur. (AC +1)
Your paws help you pounce on unaware monsters.
You are incapable of wielding weapons or throwing items.
You cannot wear armour.
You gain extra lives every three experience levels.


Message History

Confirm with . or Enter, or press ? or * to list all spells.
The spell is astonishingly dangerous to miscast (32% risk of failure)!
Continue anyway?
You turn into a venomous arachnid creature.
An orc comes into view. It is wielding a +0 club.
The orc closely misses you.
You completely miss the orc. The orc misses you.
You bite the orc!
You kill the orc!
The phantom completely misses you. The orc barely misses you.
The phantom hits you.
The phantom blinks!
You blink.
The phantom attacks as you move away! The phantom barely misses you.
Your transformation is almost over.
You closely miss the phantom. The phantom hits you.
The phantom blinks!
You blink.
Your magical contamination has completely faded away.
The phantom hits you. The phantom misses you.
You barely miss the phantom. The orc hits you with a +0 club.
* * * LOW HITPOINT WARNING * * *
The phantom closely misses you.
You closely miss the phantom. You hit the phantom but do no damage.
The orc completely misses you. The phantom barely misses you.
You hit the phantom.
The phantom is lightly damaged.
The orc misses you.
The phantom hits you but does no damage.
You hit the phantom.
The phantom is lightly damaged.
Your transformation has ended.
The orc closely misses you. The phantom barely misses you.
You miss the phantom.
The phantom is lightly damaged.
The orc barely misses you. The phantom hits you.
* * * LOW HITPOINT WARNING * * *
The phantom blinks!
You blink.
Casting: Spider Form (astonishingly dangerous; 32% risk of failure)
Confirm with . or Enter, or press ? or * to list all spells.
You grow a pair of large bovine horns.
The phantom hits you.
You die...

########
#......#######
####.#.......#..
#.........##.#.#
#.#@W..#...#.#.####
#....#...o....)...#
##.#.#.#.§.#.#.##.#
#.#.....<##.#.#
#.#....<....#..
#.#############. ..
.. .. .. ##.


You could see a phantom and an orc.

Vanquished Creatures
  3 adders
  2 worms
  A dart slug (D:3)
  2 orcs
  2 ball pythons
  8 endoplasms
  3 giant cockroaches
  4 goblins
  7 hobgoblins
  2 bats
  5 frilled lizards
  8 kobolds
  2 rats (D:1)
49 creatures vanquished.

Notes
Turn   | Place    | Note
-------+----------+-------------------------------------------
     0 | D:1      | lonewolfV2 the Felid Transmuter began the quest for the
                  | Orb.
     0 | D:1      | Reached XP level 1. HP: 9/9 MP: 4/4
   168 | D:1      | Reached XP level 2. HP: 8/12 MP: 4/6
   884 | D:2      | Reached XP level 3. HP: 11/15 MP: 5/7
  1236 | D:2      | Found a faded altar of an unknown god.
  2023 | D:3      | Found a glowing golden altar of the Shining One.
  2110 | D:3      | Reached XP level 4. HP: 11/19 MP: 9/9
  2283 | D:3      | Found Jijoq's Antique Weapon Emporium.
  2338 | D:3      | Reached skill level 4 in Unarmed Combat
  2783 | D:3      | Reached skill level 1 in Stealth
  2900 | D:4      | Noticed a phantom
  2919 | D:4      | Slain by an adder
  2920 | D:4      | Reached XP level 3. HP: -2/15 MP: 8/8
  2930 | D:4      | Learned a level 3 spell: Spider Form
  2942 | D:4      | Noticed a phantom
  2959 | D:4      | Slain by a phantom

Illustrated notes

Levels and vault maps discovered:
D:1:      dpeg_arrival_long_road, layout_loops_ring
D:2:      layout_loops_ring, shapermc_ecumenical_altar_totnotflames
D:3:      layout_loops_ring, lemuel_round_altar, serial_shops,
          nicolae_shop_trees
D:4:      layout_loops_cross, temple_doors_ab, patterned_corridor

Skill      XL: |  1  2  3  4 |
---------------+-------------+-----
Dodging        | 3 |  3.3
Unarmed Combat | 4 |  4.0
Stealth        | 1 |  1.0
Fighting       | |  1.0
Spellcasting   | |  2.7
Transmutations | |  2.7

Action                     |  1- 3 |  4- 6 || total
---------------------------+-------+-------++-------
  Melee: Unarmed           |   115 |    35 ||   150
         Bite              |     9 |     3 ||    12
         Headbutt          |    21 |     5 ||    26
         Punch             |     3 |       ||     3
   Cast: Beastly Appendage |    27 |     9 ||    36
         Spider Form       |     1 |       ||     1
    Use: Scroll            |     2 |     7 ||     9
   Stab: Sleeping          |     1 |       ||     1
 Armour: Skin              |     2 |     3 ||     5
  Dodge: Dodged            |   109 |    40 ||   149
